 Dungeon Crawl Stone Soup version 0.26.1-11-gd32895ea62 (webtiles) character file.

Game seed: 16751569278168419990

361 jlumianski the Caller (level 6, -2/24 HPs)
             Began as a Felid Summoner on May 12, 2021.
             Engulfed by a steam dragon's steam (5 damage)
             ... on level 6 of the Dungeon on May 13, 2021.
             The game lasted 00:53:05 (10286 turns).

jlumianski the Caller (Felid Summoner)             Turns: 10286, Time: 00:53:06

Health: -2/24      AC:  2    Str:  4    XL:     6   Next: 38%
Magic:  4/13       EV: 18    Int: 18    God:
Gold:   342        SH:  5    Dex: 17    Spells: 11/14 levels left
                                        Lives:  0   Deaths: 1

rFire    . . .     SeeInvis +   (weapon unavailable)
rCold    . . .     Faith    .   (shield unavailable)
rNeg     . . .     Spirit   .   (armour unavailable)
rPois    .         Reflect  +   (helmet unavailable)
rElec    .         Harm     .   (cloak unavailable)
rCorr    .         Rampage  .   (gloves unavailable)
Will     .....                  (boots unavailable)
Stlth    +++.......             d - amulet of reflection
HPRegen  0.08/turn              (no ring)
MPRegen  0.13/turn              (no ring)

@: quick
A: very small, no armour, no weapons or thrown items, stealth, antennae 1, claws
1, fangs 3, see invisible, speed 1, mutation resistance 1, shaggy fur 2, sharp
paws
a: no special abilities


You were on level 6 of the Dungeon.
You visited 2 branches of the dungeon, and saw 7 of its levels.

You collected 342 gold pieces.

Inventory:

Jewellery
 d - an amulet of reflection (around neck)
 n - an uncursed ring of ice
Wands
 r - a wand of flame (19)
Scrolls
 b - 3 scrolls of blinking
 c - 2 scrolls of random uselessness {unknown}
 g - 2 scrolls of fear {unknown}
 h - 4 scrolls of remove curse
 j - 3 scrolls of identify
 k - a scroll of fog {unknown}
 p - a scroll of immolation
 s - a scroll of teleportation {unknown}
Potions
 a - a potion of lignification
 e - 4 potions of curing
 f - 2 potions of heal wounds
 i - a potion of haste
 l - a potion of magic {unknown}
 m - a potion of mutation
 o - a potion of flight {unknown}
 q - a potion of ambrosia {unknown}


   Skills:
 + Level 2.7 Dodging
 + Level 3.6 Stealth
 + Level 4.6 Spellcasting
 + Level 6.3 Summonings


You had 11 spell levels left.
You knew the following spells:

 Your Spells              Type           Power        Failure   Level
a - Summon Small Mammal   Summ           100%         1%          1
b - Call Imp              Summ           27%          1%          2

Your spell library contained the following spells:

 Spells                   Type           Power        Failure   Level
 Call Canine Familiar     Summ           27%          3%          3
 Summon Guardian Golem    Hex/Summ       15%          12%         3
 Summon Ice Beast         Ice/Summ       15%          36%         4
 Summon Lightning Spire   Summ/Air       15%          36%         4


Dungeon Overview and Level Annotations

Branches:
Dungeon (6/15)             Temple (1/1) D:5

Altars:
Elyvilon
Fedhas
Gozag
Hepliaklqana
Nemelex Xobeh
Okawaru
Qazlal
Ru
Trog
Uskayaw
Vehumet
Wu Jian
Zin
The Shining One
Lugonu

Shops:
D:5 =}(*[


Innate Abilities, Weirdness & Mutations

You cannot wear armour.
You are incapable of wielding weapons or throwing items.
Your paws allow you to move quietly. (Stealth)
You have sharp claws.
You have razor-sharp teeth.
You have supernaturally acute eyesight. (SInv)
You cover ground quickly.
You are covered in thick fur. (AC +2)
Your sharp claws are effective at attacking unaware monsters.
You have a pair of small antennae on your head.
You are somewhat resistant to further mutation.


Message History

The wyvern skeleton bites your rat!
Your rat dies!
Your rat's corpse disappears in a puff of smoke!
There is a stone staircase leading up here.
You swap places.
Your shadow imp hits the wyvern skeleton.
There is a stone staircase leading up here.
The wyvern skeleton bites your shadow imp but does no damage.
Your shadow imp hits the wyvern skeleton.
The wyvern skeleton barely misses your shadow imp.
The wyvern skeleton barely misses your shadow imp.
Your shadow imp barely misses the wyvern skeleton.
The steam dragon breathes steam at you. The ball of steam hits your shadow imp!
Your shadow imp dies!
The ball of steam hits you!!
Ouch! That really hurt!
* * * LOW HITPOINT WARNING * * *
You are engulfed in a cloud of scalding steam.
You die...

#.... ######### #.... .
........##############....
..# #........................
...#.####.######.#####.##≈..
......# #.# #.# #.##♣≈.
....#.####.######.#####.##≈..
........##D##...........##...
#.........Z§@.###.#####.#....
#####.....###.#### #.#
#...... ##≈≈.##.#..# #.# #.#
#.#.... #≈≈D.o#.#..###.#
#.#####.#.#..
#≈.8.§5........#
#.#..§..#.#..
#≈o...#.#..#####
#.#.###.#.#.. ≈....##.#..####
#.#.# #.#.##. ≈.##
#...)....## #.#.# #.#.... ≈
#..##§##..# #.#.###)#....


You could see a steam dragon (catching breath) and a wyvern skeleton.

Vanquished Creatures
  A wyvern zombie (D:6)
  A bat (D:3)
  A giant cockroach (D:3)
  A frilled lizard (D:2)
  A goblin (D:2)
  A kobold (D:3)
  A rat (D:3)
7 creatures vanquished.

Vanquished Creatures (collateral kills)
  An ogre (D:6)
  A bullfrog (D:5)
  A scorpion (D:5)
  2 howler monkeys
  3 hounds (D:5)
  An orc wizard (D:6)
  3 worker ants
  A hound skeleton (D:6)
  3 gnolls (D:4)
  10 adders
  A shadow imp (D:5)
  An ufetubus (D:5)
  An ooze (D:2)
  An adder skeleton (D:4)
  A worm (D:5)
  2 dart slugs (D:1)
  3 leopard geckos
  8 orcs
  9 giant cockroaches
  11 goblins
  3 hobgoblins
  7 jackals
  4 quokkas
  2 ball pythons
  5 bats
  8 frilled lizards
  2 jackal zombies (D:5)
  5 kobolds
  A quokka skeleton (D:5)
  8 rats
109 creatures vanquished.

Vanquished Creatures (others)
  An orc (D:6)
  9 plants (D:1)
10 creatures vanquished.

Grand Total: 126 creatures vanquished

Notes
Turn   | Place    | Note
-------+----------+-------------------------------------------
     0 | D:1      | jlumianski the Felid Summoner began the quest for the Orb.
     0 | D:1      | Reached XP level 1. HP: 7/7 MP: 4/4
   708 | D:1      | Reached XP level 2. HP: 11/11 MP: 3/6
   980 | D:1      | Learned a level 2 spell: Call Imp
  1958 | D:2      | Reached XP level 3. HP: 14/14 MP: 1/7
  2745 | D:2      | Found a hazy altar of Hepliaklqana.
  3360 | D:3      | Reached XP level 4. HP: 18/18 MP: 5/9
  4518 | D:4      | Found a sacrificial altar of Ru.
  4835 | D:4      | Reached skill level 5 in Summonings
  5047 | D:4      | Reached XP level 5. HP: 21/21 MP: 5/11
  5445 | D:4      | Found an iron altar of Okawaru.
  5683 | D:5      | Entered Level 5 of the Dungeon
  5697 | D:5      | Found Vapil's Antique Armour Shoppe.
  5976 | D:4      | HP: 1/21 [poisoned by a worker ant]
  5978 | D:4      | Succumbed to a worker ant's poison
  5979 | D:4      | Reached XP level 4. HP: 0/18 MP: 7/10
  6076 | D:5      | Found Diwnior's Antique Weapon Shop.
  6738 | D:5      | Found Datra's General Store.
  6842 | D:5      | Found a staircase to the Ecumenical Temple.
  6854 | Temple   | Entered the Ecumenical Temple
  6911 | Temple   | Became a worshipper of Elyvilon the Healer
  6967 | D:5      | Was placed under penance by Elyvilon
  6976 | D:5      | Fell from the grace of Elyvilon
  7032 | D:5      | Reached XP level 5. HP: 21/21 MP: 0/12
  7339 | D:5      | Found Waduq's Jewellery Shoppe.
  7694 | D:5      | Gained mutation: You have a pair of small antennae on your
                  | head. [potion of mutation]
  7694 | D:5      | Gained mutation: You are somewhat resistant to further
                  | mutation. [potion of mutation]
  7865 | D:5      | Found Kaugirye's Gadget Shoppe.
  8715 | D:5      | Reached skill level 6 in Summonings
  8969 | D:6      | Noticed an ogre
  9013 | D:6      | Killed an ogre
  9014 | D:6      | Gained mutation: You are covered in thick fur. (AC +2)
                  | [Felid growth]
  9014 | D:6      | Reached XP level 6. HP: 24/24 MP: 6/13
  9396 | D:6      | Found a radiant altar of Vehumet.
  9616 | D:6      | Found a bloodstained altar of Trog.
  9669 | D:6      | Noticed a steam dragon
 10277 | D:6      | Noticed a steam dragon
 10286 | D:6      | Engulfed by a steam dragon's steam

Illustrated notes

Levels and vault maps discovered:
D:1:      minmay_arrival_cross, layout_basic, serial_bayou, serial_bayou_pond_c,
          serial_bayou_pond_b, serial_bayou_lake_a, serial_bayou_crossing
D:2:      layout_rooms, general_overflow_altar, hangedman_decor_points
D:3:      minmay_inner_zag, layout_basic, minmay_pentangle
D:4:      layout_gridville, marbit_many_paths, lemuel_doored_altar
D:5:      mumra_celtic_spiral_tile, layout_cave_pools,
          minmay_temple_entry_glassed_door, serial_co_window_serial,
          co_window_corner_a, co_window_corner_a, co_window_of_opportunity_a,
          co_window_paths_a, co_window_corner_a, co_window_cross_1,
          co_window_paths_a, co_window_unsneaky_path_c,
          co_window_of_opportunity_b, co_window_2corner, co_window_corner_cb,
          co_window_cross_2, glass_columns_a, glass_columns_a, glass_columns_c,
          glass_columns_b, serial_shops, shop, shop, shop,
          kennysheep_little_box, shop
D:6:      cheibrodos_steamvent, layout_loops_ring, lemuel_crystal_altar,
          vehumet_crystals, overflow_temple_1_default,
          kennysheep_decorative_pillar
Temple:   corrupted_temple

Skill      XL: |  1  2  3  4  5 |
---------------+----------------+-----
Spellcasting   | 3 4 |  4.6
Stealth        | 3 |  3.6
Summonings     | 5 6 |  6.3
Dodging        | |  2.7

Action                   |  1- 3 |  4- 6 || total
-------------------------+-------+-------++-------
Melee: Unarmed           |    10 |    22 ||    32
       Bite              |     1 |     2 ||     3
 Cast: Summon Small Mamm |   109 |   150 ||   259
       Call Imp          |    25 |    69 ||    94
Invok: Renounce Religion |       |     1 ||     1
  Use: Scroll            |     3 |     1 ||     4
       Potion            |     2 |     3 ||     5
 Stab: Sleeping          |     4 |     4 ||     8
Armor: Skin              |     1 |     9 ||    10
Dodge: Dodged            |    15 |    66 ||    81
Block: Other             |       |    24 ||    24
       Reflection        |       |     1 ||     1
